 Dungeon Crawl Stone Soup version 0.21.1-1-g345015f (webtiles) character file.

70 inmateoo the Ruffian (level 4, -4/37 HPs)
             Began as a Minotaur Fire Elementalist on Feb 20, 2018.
             Slain by Grinder (6 damage)
             ... on level 3 of the Dungeon.
             The game lasted 00:01:46 (1651 turns).

inmateoo the Ruffian (Minotaur Fire Elementalist)   Turns: 1651, Time: 00:01:47

Health: -4/37      AC:  6    Str: 14    XL:     4   Next: 3%
Magic:  5/5        EV: 11    Int: 12    God:
Gold:   60         SH:  0    Dex: 10    Spells: 4/5 levels left

rFire    . . .     SeeInvis .     - Unarmed
rCold    . . .     Gourm    .   (no shield)
rNeg     . . .     Faith    .   f - +1 ring mail
rPois    .         Spirit   .   (helmet restricted)
rElec    .         Reflect  .   (no cloak)
rCorr    .         Harm     .   (no gloves)
MR       .....                  (no boots)
Stlth    +.........             (no amulet)
HPRegen  0.12/turn              (no ring)
MPRegen  0.09/turn              (no ring)

@: invisible
A: retaliatory headbutt, horns 2
a: no special abilities


You were on level 3 of the Dungeon.
You were hungry.

You visited 1 branch of the dungeon, and saw 3 of its levels.

You collected 60 gold pieces.

Inventory:

Armour
 f - a +1 ring mail (worn)
Potions
 a - a potion of agility
 e - a potion of mutation {unknown}
 i - a potion of berserk rage {unknown}
Books
 b - a book of Flames

   Spells                             Type                      Level
   a - Flame Tongue                   Conjuration/Fire             1
   b - Throw Flame                    Conjuration/Fire             2
   c - Conjure Flame                  Conjuration/Fire             3
   d - Inner Flame                    Hexes/Fire                   3
   e - Sticky Flame                   Conjuration/Fire             4
   f - Fireball                       Conjuration/Fire             5
Comestibles
 c - 2 rations
 d - 4 chunks of flesh


   Skills:
 + Level 2.3 Fighting
 - Level 2.1 Dodging
 - Level 1.5 Stealth
 * Level 3.2 Unarmed Combat
 - Level 1.3 Spellcasting
 - Level 0.6 Conjurations
 - Level 2.1 Fire Magic


You had 4 spell levels left.
You knew the following spells:

 Your Spells              Type           Power        Failure   Level  Hunger
a - Flame Tongue          Conj/Fire      #....        34%         1    ##.....


Dungeon Overview and Level Annotations

Branches:
Dungeon (3/15)

Altars:

Annotations:
D:2 Sigmund
D:3 Grinder


Innate Abilities, Weirdness & Mutations

You reflexively headbutt those who attack you in melee.
You have a pair of horns on your head.


Message History

Grinder barely misses you.
You hit Grinder but do no damage.
Grinder is heavily wounded.
Grinder hits you.
You writhe in agony.
Your ring mail prevents you from hitting Grinder.
Grinder is heavily wounded.
Grinder gestures at you.
You barely resist. You hit Grinder but do no damage.
Grinder is heavily wounded.
Grinder hits you but does no damage.
You closely miss Grinder.
Grinder is heavily wounded.
Grinder hits you!
You writhe in agony.
* * * LOW HITPOINT WARNING * * *
You fade into invisibility!
Grinder hits you!
* * * LOW HITPOINT WARNING * * *
You writhe in agony.
You die...

#....# ####.#
#.# . #)# . #.#
###. #)# ....#
#)# # ...## #(#
... ... #@#
.....#.####5#
......).o...#
.....K.og.....#
........#####.#
.......## .#
#...... #
#...... #.###..


You could see Grinder.

Vanquished Creatures
  An orc wizard (D:3)
  2 worms (D:2)
  2 orcs (D:3)
  3 bats
  2 giant cockroaches
  7 goblins
  3 hobgoblins
  2 jackals (D:1)
  6 kobolds
  2 frilled lizards
  2 rats (D:1)
32 creatures vanquished.

Notes
Turn   | Place    | Note
-------+----------+-------------------------------------------
     0 | D:1      | inmateoo the Minotaur Fire Elementalist began the quest for the Orb.
     0 | D:1      | Reached XP level 1. HP: 14/14 MP: 1/1
    66 | D:1      | Reached skill level 1 in Unarmed Combat
   279 | D:1      | Reached skill level 1 in Fighting
   289 | D:1      | Reached XP level 2. HP: 16/23 MP: 0/3
   803 | D:2      | Reached skill level 2 in Unarmed Combat
  1206 | D:2      | Reached XP level 3. HP: 4/29 MP: 4/4
  1541 | D:2      | Noticed Sigmund
  1605 | D:3      | Reached skill level 3 in Unarmed Combat
  1605 | D:3      | Reached XP level 4. HP: 32/37 MP: 5/5
  1631 | D:3      | Noticed Grinder
  1651 | D:3      | Slain by Grinder

Skill      XL: |  1  2  3 |
---------------+----------+-----
Unarmed Combat | 1 2 3 |  3.2
Fighting       | 1 2 |  2.3
Dodging        | |  2.1
Stealth        | |  1.5
Spellcasting   | |  1.3
Conjurations   | |  0.6
Fire Magic     | |  2.1

Action                   |  1- 3 |  4- 6 || total
-------------------------+-------+-------++-------
Melee: Unarmed           |   103 |    15 ||   118
       Headbutt          |    14 |       ||    14
       Punch             |     2 |       ||     2
 Cast: Flame Tongue      |     4 |       ||     4
  Use: Scroll            |     6 |       ||     6
       Potion            |       |     1 ||     1
 Stab: Sleeping          |     1 |       ||     1
  Eat: Chunk             |     2 |       ||     2
Armor: Robe              |     5 |       ||     5
       Ring mail         |    22 |     2 ||    24
Dodge: Dodged            |    73 |     3 ||    76
